 Dungeon Crawl Stone Soup version 0.24-a0-269-g32ec7ca (webtiles) character file.

Game seed: 17519130337303834526

31950 MatthieuS the Thaumaturge (level 13, 0/78 HPs)
             Began as a Deep Elf Air Elementalist on Apr 21, 2019.
             Was an Elder of Ashenzari.
             Slain by a komodo dragon (31 damage)
             ... on level 6 of the Lair of Beasts.
             The game lasted 01:02:27 (24766 turns).

MatthieuS the Thaumaturge (DEAE)                   Turns: 24766, Time: 01:02:27

Health: 0/78       AC: 13    Str: 12    XL:     13   Next: 28%
Magic:  32/32      EV: 17    Int: 30    God:    Ashenzari [****..]
Gold:   781        SH:  0    Dex: 18    Spells: 12/38 levels left

rFire    . . .     SeeInvis +   P - +11 long sword of the Sea {drain, rElec Str+4 Int+4 Dex+3}
rCold    . . .     Gourm    .   (no shield)
rNeg     . . .     Faith    .   w - +2 robe {Archmagi} (curse)
rPois    .         Spirit   .   b - +2 helmet
rElec    +         Reflect  .   L - +2 cloak
rCorr    .         Harm     .   N - +2 pair of gloves {Str+3} (curse)
MR       +....     Clarity  +   (no boots)
Stlth    ++++++....             s - amulet of the acrobat (curse)
HPRegen  0.23/turn              I - ring of flight
MPRegen  0.23/turn              M - ring of stealth

@: no status effects
A: no striking features
a: Curse Item, Scrying, Renounce Religion, Evoke Flight


You were on level 6 of the Lair of Beasts.
You worshipped Ashenzari.
Ashenzari was greatly pleased with you.
You were not hungry.

You visited 2 branches of the dungeon, and saw 16 of its levels.

You collected 1010 gold pieces.
You spent 229 gold pieces at shops.

Inventory:

Hand Weapons
 a - a +1 dagger of venom
   (You took it off an orc wizard on level 4 of the Dungeon)
 f - a +1 blowgun
   (You took it off a kobold on level 7 of the Dungeon)
 h - a +2 hand axe of flaming
   (You took it off a centaur on level 5 of the Dungeon)
 P - the +11 long sword of the Sea (weapon) {drain, rElec Str+4 Int+4 Dex+3}
   (You found it on level 4 of the Lair of Beasts)

   A truly terrible weapon, it drains the life of those it strikes.
   It affects your strength (+4).
   It affects your intelligence (+4).
   It affects your dexterity (+3).
   It insulates you from electricity.
Missiles
 m - 6 poisoned needles
 J - 3 curare-tipped needles {!f}
Armour
 b - a +2 helmet (worn)
   (You took it off Robin on level 2 of the Dungeon)
 w - a cursed +2 robe of the Archmagi (worn)
   (You bought it in a shop on level 5 of the Dungeon)
 L - a +2 cloak (worn)
   (You bought it in a shop on level 5 of the Dungeon)
 N - a cursed +2 pair of gloves of strength (worn)
   (You found it on level 4 of the Lair of Beasts)
Jewellery
 s - a cursed amulet of the acrobat (around neck)
   (You found it on level 5 of the Dungeon)
 I - a ring of flight (left hand)
   (You found it on level 6 of the Dungeon)
 M - a ring of stealth (right hand)
   (You found it on level 3 of the Lair of Beasts)
Wands
 c - a wand of disintegration (14)
   (You found it on level 4 of the Lair of Beasts)
 d - a wand of iceblast (11)
   (You found it on level 3 of the Lair of Beasts)
 t - a wand of flame (16)
   (You found it on level 1 of the Lair of Beasts)
 u - a wand of paralysis (5)
   (You found it on level 2 of the Lair of Beasts)
 v - a wand of digging (5)
   (You took it off Sigmund on level 5 of the Dungeon)
 x - a wand of acid (7)
   (You found it on level 3 of the Lair of Beasts)
Scrolls
 g - 2 scrolls of fog
 i - 7 scrolls of teleportation {@r4}
 j - 2 scrolls of remove curse {@r2}
 l - a scroll of blinking
 q - 2 scrolls of fear
 r - a scroll of magic mapping
 y - 2 scrolls of immolation {!r}
 z - 5 scrolls of identify {@r1}
 D - a scroll of vulnerability {!r}
 S - a scroll of enchant weapon
Potions
 n - 4 potions of invisibility
 o - 4 potions of agility
 p - 2 potions of lignification {!q}
 A - 2 potions of brilliance
 B - a potion of berserk rage
 C - a potion of mutation {unknown}
 E - a potion of curing {@q1}
 F - 3 potions of heal wounds {@q2}
 G - a potion of haste {@q3}
 K - a potion of flight {unknown}
 O - a potion of magic {unknown}
 R - 2 potions of might
Miscellaneous
 k - a box of beasts
 H - a lamp of fire
   (You found it on level 2 of the Lair of Beasts)
Comestibles
 e - 18 rations
 Q - 4 chunks of flesh


   Skills:
 + Level 7.8 Fighting
 + Level 7.1 Dodging
 + Level 12.9 Stealth
 + Level 13.1 Spellcasting
 + Level 10.9 Conjurations
 - Level 3.3 Charms
 - Level 0.8 Translocations
 + Level 10.6 Air Magic


You had 12 spell levels left.
You knew the following spells:

 Your Spells              Type           Power        Failure   Level  Hunger
a - Shock                 Conj/Air       ####         1%          1    None
b - Static Discharge      Conj/Air       #######.     1%          3    None
c - Airstrike             Air            #######...   1%          4    None
d - Lightning Bolt        Conj/Air       #######...   1%          5    #......
e - Blink                 Tloc           N/A          2%          2    None
f - Teleport Other        Tloc           #####...     5%          3    None
g - Apportation           Tloc           #####.       1%          1    None
h - Regeneration          Chrm/Necr      #####.....   3%          3    None
s - Swiftness             Chrm/Air       #######.     1%          2    None
A - Shroud of Golubria    Chrm/Tloc      #####.....   1%          2    None

Your spell library contained the following spells:

 Spells                   Type           Power        Failure   Level  Hunger
 Infusion                 Chrm           ####         1%          1    None
 Song of Slaying          Chrm           ######..     1%          2    None
 Animate Skeleton         Necr           N/A          2%          1    None
 Confusing Touch          Hex            ####..       2%          1    None
 Summon Small Mammal      Summ           ####         2%          1    None
 Spectral Weapon          Hex/Chrm       #####...     3%          3    None
 Gell's Gravitas          Tloc           #####.....   5%          3    None
 Lesser Beckoning         Tloc           #####.....   5%          3    None
 Passage of Golubria      Tloc           N/A          19%         4    None


Dungeon Overview and Level Annotations

Branches:
Dungeon (10/15)            Temple (0/1) D:5            Lair (6/6) D:8
 Shoals (0/4) Lair:2       Spider (0/4) Lair:4
  Slime: Lair:5-6       Orc: D:9-12

Altars:
Ashenzari
Cheibriados
Dithmenos
Kikubaaqudgha
Okawaru
Ru
Yredelemnul
Lugonu

Shops:
D:5 [   D:9 }

Annotations:
D:8 1 runed translucent door, foolusion's ghost, novice DrFE
D:10 exclusion: obsidian statue


Message History

The fungus is struck by an arc of lightning.
You resist.
You are struck by an arc of lightning.
You start resting.
You start resting.
A spiny frog comes into view.
Aim: a spiny frog (hasn't noticed you)
You feel a surge of power!
The air twists around and strikes the spiny frog!
The spiny frog croaks.
You hear an angry hiss.
You see here a wolf corpse.
You butcher the wolf corpse.
Q - 4 chunks of flesh You see here a wolf skeleton.
You start resting.
A komodo dragon comes into view.
Aim: a komodo dragon You feel a surge of power!
The zap hits the komodo dragon.
Aim: a komodo dragon (lightly wounded)
You feel a surge of power!
The zap hits the komodo dragon.
Aim: a komodo dragon (lightly wounded)
You feel a surge of power!
You hear a mighty clap of thunder!
The bolt of lightning hits the komodo dragon!
You hear an angry hiss.
You hear a roar!
You hear a bleat! x5
You hear a screech!
You hear an angry hiss.
Aim: a komodo dragon (heavily wounded)
You feel a surge of power!
You hear a mighty clap of thunder!
The bolt of lightning hits the komodo dragon!!
Aim: a komodo dragon (almost dead)
You feel a surge of power!
The zap hits the komodo dragon but does no damage.
Aim: a komodo dragon (almost dead)
You feel a surge of power!
The zap hits the komodo dragon.
You kill the komodo dragon!
A komodo dragon comes into view.
A black mamba comes into view.
The black mamba bites the plant. x2; The plant looks as sick as possible!
The black mamba poisons the plant!
The black mamba bites the plant but does no damage.
The black mamba bites the plant but does no damage.
There is a stone staircase leading up here.
You climb upwards.
There is a stone staircase leading down here.
You start resting.
You climb downwards.
The spiny frog closely misses you. The komodo dragon bites you!!
The spiny frog stings you!!
* * * LOW HITPOINT WARNING * * *
Something bites the plant.
The komodo dragon bites you!!
You die...

≈ * ,** , * ≈ *
......###. ,....#.*
≈≈≈ **.....#..#.
##....#
......P..+##.....,*
≈ *
*...............##
, 8*
................# *
................##
≈
,[...P.F.......^#.#
*
,...P...@........#
***
...P...#l#...#..# ≈
...P.####..###.##
*,
....,###...##.{.#
≈* *
,,...**#.......#.P#
* ** ..,
#......P.#..# ≈ * .
, #......P.#.## ≈ ,
#......P#...# * ,,,
, ###...###.lP#


You could see a komodo dragon and a spiny frog.

Vanquished Creatures
  Harold (D:10)
  Fannar (Lair:1)
  3 hydras
  A hell beast (D:8)
  A two-headed ogre (D:9)
  Erica (D:8)
  5 death yaks (Lair:1)
  Pikel (D:6)
  3 oklob plants (Lair:3)
  A cyclops (D:9)
  2 black mambas (Lair:2)
  2 orange demons (D:8)
  8 spiny frogs
  3 komodo dragons
  2 rime drakes (Lair:2)
  A troll (D:9)
  A polar bear (Lair:4)
  12 blink frogs
  2 dream sheep (D:10)
  8 hippogriffs
  5 wyverns
  Sigmund (D:5)
  15 yaks
  2 basilisks
  15 water moccasins
  8 porcupines
  4 ice beasts
  5 orc warriors
  A slave (D:6)
  5 wolves (Lair:6)
  3 phantoms
  2 ogres
  5 centaurs
  15 crocodiles
  4 big kobolds
  14 bullfrogs
  A wyvern zombie (D:10)
  2 scorpions
  3 killer bees (D:8)
  A water moccasin skeleton (D:6)
  A howler monkey (D:7)
  4 wights (D:6)
  2 electric eels
  A crimson imp (D:7)
  A bullfrog zombie (D:10)
  A centaur zombie (D:9)
  2 jellies
  13 orc wizards
  A centaur skeleton (D:8)
  10 orc priests
  3 hounds
  7 iron imps (D:8)
  Jessica (D:2)
  2 iguanas
  8 worker ants
  A hound zombie (D:6)
  2 hound skeletons
  A worker ant zombie (D:10)
  Robin (D:2)
  4 adders
  A shadow imp (D:9)
  An adder zombie (D:7)
  An adder skeleton (D:10)
  3 worms
  4 dart slugs
  4 leopard geckos
  41 orcs
  6 bats
  9 giant cockroaches
  14 goblins
  15 hobgoblins
  19 jackals
  11 kobolds
  3 quokkas
  4 frilled lizards
  A leopard gecko skeleton (D:5)
  A leopard gecko zombie (D:5)
  4 rats
  3 fungi
381 creatures vanquished.

Vanquished Creatures (others)
  2 slaves (D:6)
  A bullfrog (D:6)
  An ooze (D:2)
  A dart slug (D:2)
  An orc (D:6)
  A giant cockroach (D:2)
  4 fungi
  7 plants
  5 toadstools (D:1)
23 creatures vanquished.

Grand Total: 404 creatures vanquished

Notes
Turn   | Place    | Note
-------+----------+-------------------------------------------
     0 | D:1      | MatthieuS the Deep Elf Air Elementalist began the quest for
                  | the Orb.
     0 | D:1      | Reached XP level 1. HP: 10/10 MP: 6/6
   137 | D:1      | Reached XP level 2. HP: 15/15 MP: 0/8
   424 | D:1      | Reached XP level 3. HP: 19/19 MP: 8/10
   432 | D:1      | Learned a level 2 spell: Swiftness
   436 | D:1      | Learned a level 3 spell: Static Discharge
  1185 | D:2      | Noticed Robin
  1312 | D:2      | Reached skill level 4 in Spellcasting
  1427 | D:2      | Found a faded altar of an unknown god.
  1437 | D:2      | Noticed Jessica
  1451 | D:2      | Killed Jessica
  1451 | D:2      | Reached XP level 4. HP: 7/24 MP: 1/12
  1852 | D:2      | Killed Robin
  2255 | D:2      | Found an ancient bone altar of Kikubaaqudgha.
  2255 | D:2      | Found a shattered altar of Ashenzari.
  2311 | D:2      | Became a worshipper of Ashenzari the Shackled
  2834 | D:3      | Reached XP level 5. HP: 28/28 MP: 9/13
  3468 | D:4      | Learned a level 4 spell: Airstrike
  3561 | D:4      | Reached * piety under Ashenzari
  3753 | D:4      | Reached skill level 5 in Spellcasting
  3762 | D:4      | Reached XP level 6. HP: 21/32 MP: 6/15
  4476 | D:5      | Entered Level 5 of the Dungeon
  4484 | D:5      | Learned a level 5 spell: Lightning Bolt
  4486 | D:5      | Noticed Sigmund
  4532 | D:5      | Killed Sigmund
  4532 | D:5      | Reached skill level 5 in Stealth
  4532 | D:5      | Reached XP level 7. HP: 36/36 MP: 10/17
  4607 | D:5      | Reached skill level 6 in Spellcasting
  4743 | D:5      | Reached skill level 5 in Air Magic
  4840 | D:5      | Found Yqyi's Antique Armour Boutique.
  4843 | D:5      | Bought a runed robe for 103 gold pieces
  4843 | D:5      | Bought a cloak for 126 gold pieces
  4914 | D:5      | Reached skill level 1 in Charms
  5389 | D:5      | Found a staircase to the Ecumenical Temple.
  5587 | D:6      | Noticed Pikel
  5597 | D:6      | Killed Pikel
  5597 | D:6      | Reached skill level 1 in Fighting
  5597 | D:6      | Reached skill level 7 in Spellcasting
  5597 | D:6      | Reached skill level 5 in Conjurations
  5597 | D:6      | Reached XP level 8. HP: 20/44 MP: 0/20
  6931 | D:6      | Found a sacrificial altar of Ru.
  7050 | D:6      | Reached XP level 9. HP: 32/49 MP: 4/22
  7604 | D:6      | Reached skill level 8 in Spellcasting
  8618 | D:7      | Found an iron altar of Okawaru.
  8828 | D:7      | Found a shadowy altar of Dithmenos.
  8828 | D:7      | Found a snail-covered altar of Cheibriados.
  9180 | D:8      | Noticed an orange demon
  9181 | D:8      | Noticed a hell beast
  9190 | D:8      | Noticed an orange demon
  9196 | D:8      | Killed an orange demon
  9196 | D:8      | Reached skill level 9 in Spellcasting
  9298 | D:8      | Killed an orange demon
  9431 | D:8      | Found a corrupted altar of Lugonu.
  9927 | D:8      | Killed a hell beast
  9927 | D:8      | Reached XP level 10. HP: 58/58 MP: 0/25
 10595 | D:8      | Found a staircase to the Lair.
 10595 | D:8      | Noticed Erica
 11609 | D:8      | Killed Erica
 11609 | D:8      | Reached skill level 5 in Fighting
 11609 | D:8      | Reached skill level 10 in Stealth
 11609 | D:8      | Reached skill level 10 in Spellcasting
 11847 | D:8      | Reached ** piety under Ashenzari
 12039 | D:8      | Found a runed translucent door.
 12042 | D:8      | Identified the +5 trident of Neklesiz {venom, *Drain +Rage
                  | rN+++ Str-5}
 12042 | D:8      | Noticed foolusion's ghost (novice DrFE)
 12353 | D:9      | Noticed a two-headed ogre
 12360 | D:9      | Killed a two-headed ogre
 12508 | D:9      | Reached XP level 11. HP: 64/64 MP: 22/27
 13230 | D:9      | Found a basalt altar of Yredelemnul.
 13253 | D:9      | Found Giajikask's Gadget Shop.
 13373 | D:10     | Entered Level 10 of the Dungeon
 13952 | D:10     | Noticed a three-headed hydra
 13960 | D:10     | Killed a three-headed hydra
 13960 | D:10     | Reached skill level 11 in Spellcasting
 14423 | D:10     | Noticed Harold
 14430 | D:10     | Killed Harold
 14732 | D:10     | Noticed an obsidian statue
 15074 | D:10     | Learned a level 2 spell: Blink
 15077 | D:10     | Learned a level 2 spell: Shroud of Golubria
 15081 | D:10     | Learned a level 3 spell: Teleport Other
 15390 | Lair:1   | Entered Level 1 of the Lair of Beasts
 15390 | Lair:1   | Noticed Fannar
 15401 | Lair:1   | Killed Fannar
 15818 | Lair:1   | Reached *** piety under Ashenzari
 16472 | Lair:2   | Found a staircase to the Shoals.
 16714 | Lair:2   | Noticed a death yak
 16714 | Lair:2   | Noticed a death yak
 16715 | Lair:2   | Noticed a death yak
 16716 | Lair:2   | Noticed a death yak
 16719 | Lair:2   | Noticed a death yak
 16775 | Lair:1   | Killed a death yak
 17665 | Lair:2   | Reached XP level 12. HP: 71/71 MP: 16/29
 18688 | Lair:2   | Reached skill level 12 in Spellcasting
 18725 | Lair:2   | Reached skill level 10 in Conjurations
 18851 | Lair:1   | Killed a death yak
 19050 | Lair:1   | Killed a death yak
 19050 | Lair:1   | Reached skill level 5 in Dodging
 19356 | Lair:1   | Killed a death yak
 19492 | Lair:1   | Killed a death yak
 20427 | Lair:3   | Learned a level 1 spell: Apportation
 20441 | Lair:3   | Reached skill level 10 in Air Magic
 20979 | Lair:3   | Reached **** piety under Ashenzari
 21748 | Lair:4   | Found a hole to the Spider Nest.
 22184 | Lair:4   | Got the long sword of the Sea {drain, rElec Str+4 Int+4
                  | Dex+3}
 22185 | Lair:4   | Identified the +11 long sword of the Sea {drain, rElec
                  | Str+4 Int+4 Dex+3} (You found it on level 4 of the Lair of
                  | Beasts)
 22416 | Lair:4   | Noticed a five-headed hydra
 22496 | Lair:4   | Killed a five-headed hydra
 22727 | Lair:4   | Reached XP level 13. HP: 75/76 MP: 11/31
 23726 | Lair:5   | Reached skill level 13 in Spellcasting
 23778 | Lair:5   | Learned a level 3 spell: Regeneration
 24591 | Lair:6   | Entered Level 6 of the Lair of Beasts
 24766 | Lair:6   | Slain by a komodo dragon

Levels and vault maps discovered:
D:1:      ldierk_walled_garden, layout_basic
D:2:      layout_loops_ring, gammafunk_temple_overflow_wave,
          chequers_ecumenical_altar_island, lemuel_old_faithful, uniq_robin,
          uniq_jessica
D:3:      layout_loops_corners, first_ration
D:4:      layout_cave_pools
D:5:      layout_cave_pools, lemuel_temple_firewalk_b, serial_shops,
          nicolae_shop_trees, uniq_sigmund
D:6:      layout_loops_ring, lemuel_coloured_pillars_altar, uniq_pikel
D:7:      layout_loops_ring, okawaru_metal_pillars_1_2,
          gammafunk_temple_overflow_elements
D:8:      layout_cave_pods, david_lair_generic, ebering_ghost_funeral_grove,
          lemuel_hellish_altar, uniq_erica
D:9:      layout_long_grid, lemuel_crystal_altar, serial_shops, shop_fountains
D:10:     layout_loops_corners, hangedman_ranch [blue_anna_fruit_fields],
          minmay_statue_bubble, uniq_harold
Lair:1:   layout_misc_corridors, lemuel_fruit_tree, uniq_fannar
Lair:2:   layout_cave_pods, elwin_shoals_entry_rocks, portal_ice_cave_rime,
          infiniplex_staircase_pool, grunt_megastairs_3, lemuel_fruit_fields
Lair:3:   layout_regular_city, minmay_lair_oklob_chamber, lemuel_fruit_fields,
          serial_bayou_shore_a
Lair:4:   layout_regular_city, spider_nest_entry_web_field
Lair:5:   layout_cave_pods, st_stairs_6
Lair:6:   cheibrodos_lair_end_hotspot, layout_regular_city,
          dpeg_slime_entry_enclosed_altar, serial_bayou_shore_b, uniq_rupert

Skill      XL: |  1  2  3  4  5  6  7  8  9 10 11 12 13 |
---------------+----------------------------------------+-----
Stealth        | 3 4 5 6 7 9 10 11 12 | 12.9
Conjurations   | 2 3 4 5 7 8 9 10 | 10.9
Spellcasting   | 4 5 7 9 10 11 12 13 | 13.1
Air Magic      | 4 5 6 7 8 9 10 | 10.6
Charms         | 3 |  3.3
Fighting       | 1 2 4 5 6 7 |  7.8
Dodging        | 4 6 7 |  7.1
Translocations | |  0.8

Action                   |  1- 3 |  4- 6 |  7- 9 | 10-12 | 13-15 || total
-------------------------+-------+-------+-------+-------+-------++-------
Melee: Unarmed           |    14 |     3 |       |       |       ||    17
       Dagger            |       |     2 |     8 |       |       ||    10
       Long sword        |       |       |       |     3 |     9 ||    12
 Fire: Blowgun           |       |       |     7 |    27 |       ||    34
Throw: Throwing net      |       |       |       |     3 |       ||     3
 Cast: Shock             |    82 |   132 |   382 |   389 |    21 ||  1006
       Static Discharge  |     7 |     2 |    15 |    71 |    11 ||   106
       Airstrike         |       |       |    38 |   203 |    41 ||   282
       Swiftness         |       |       |     3 |     1 |       ||     4
       Blink             |       |       |       |    17 |     1 ||    18
       Teleport Other    |       |       |       |     1 |       ||     1
       Lightning Bolt    |       |       |       |     4 |     9 ||    13
       Shroud of Golubri |       |       |       |     1 |       ||     1
Invok: Curse Item        |       |       |     2 |     3 |       ||     5
 Abil: Evoke Berserk Rag |     1 |       |       |       |       ||     1
       Evoke Flight      |       |       |       |     1 |       ||     1
Evoke: Wand              |       |       |       |    10 |     3 ||    13
  Use: Potion            |     2 |     1 |     3 |     2 |     1 ||     9
       Scroll            |       |       |    13 |     8 |       ||    21
  Eat: Chunk             |     1 |     7 |     4 |    10 |     5 ||    27
       Ration            |     1 |     1 |     4 |     8 |     1 ||    15
Armor: Robe              |     3 |     2 |    15 |    43 |     5 ||    68
       Skin              |     1 |       |       |       |       ||     1
Dodge: Dodged            |    44 |    15 |    55 |   120 |    17 ||   251
       Rpst.: Long sword |       |       |       |     4 |     8 ||    12

Table legend:
 A = Non-vault XP
 B = Vault XP
 C = Vault XP percentage of total XP
 D = Non-vault monster count
 E = Vault monster count
 F = Vault count percentage of total count
                 A         B        C        D         E       F
            +---------+---------+-------+---------+---------+-------
      Total |   33468 |   12175 |  26.7 |     328 |      49 |  13.0
            +---------+---------+-------+---------+---------+-------
        D:1 |      70 |       2 |   2.8 |      35 |       1 |   2.8
        D:2 |      41 |      69 |  62.7 |      13 |      11 |  45.8
        D:3 |      41 |       0 |   0.0 |      20 |       0 |   0.0
        D:4 |     277 |       0 |   0.0 |      18 |       0 |   0.0
        D:5 |     706 |     220 |  23.8 |      17 |       1 |   5.6
        D:6 |    1158 |     641 |  35.6 |      33 |       1 |   2.9
        D:7 |    1121 |       0 |   0.0 |      32 |       0 |   0.0
        D:8 |    1192 |    3701 |  75.6 |      25 |      15 |  37.5
        D:9 |    3498 |       0 |   0.0 |      23 |       0 |   0.0
       D:10 |     654 |    3208 |  83.1 |      14 |       9 |  39.1
     Lair:1 |    6122 |    1002 |  14.1 |      14 |       1 |   6.7
     Lair:2 |    4025 |    1478 |  26.9 |      19 |       5 |  20.8
     Lair:3 |    2732 |    1747 |  39.0 |      15 |       4 |  21.1
     Lair:4 |    6044 |       0 |   0.0 |      25 |       0 |   0.0
     Lair:5 |    4829 |     107 |   2.2 |      19 |       1 |   5.0
     Lair:6 |     958 |       0 |   0.0 |       6 |       0 |   0.0
            +---------+---------+-------+---------+---------+-------
